 Dungeon Crawl Stone Soup version 0.30-a0-223-gcb0039aa0c (webtiles) character file.

Game seed: 15546034088114191476

42896 qw the Cleaver (level 14, -5/88 HPs)
             Began as a Gargoyle Fighter on Oct 9, 2022.
             Was a High Priest of Okawaru.
             Slain by an eight-headed hydra (7 damage)
             ... on level 5 of the Lair of Beasts.
             The game lasted 00:07:59 (16243 turns).

qw the Cleaver (Gargoyle Fighter)                  Turns: 16243, Time: 00:07:59

Health: -5/88      AC: 41    Str: 25    XL:     14   Next: 21%
Magic:  18/21      EV: 10    Int:  9    God:    Okawaru [*****.]
Gold:   1187       SH: 18    Dex: 15    Spells: 13/13 levels left

rFire   . . .      SeeInvis .    w - +0 morningstar
rCold   . . .      Faith    .    k - +0 kite shield
rNeg    + . .      Spirit   .    i - +0 plate armour
rPois   inf        Reflect  .    b - +1 helmet
rElec   +          Harm     .    q - +1 cloak {Stlth+}
rCorr   .          Rampage  .    p - +2 pair of gloves
Will    +....                    z - +0 pair of boots
Stlth   ..........               (no amulet)
HPRegen 0.34/turn                D - +4 ring of protection
MPRegen 0.17/turn                e - +6 ring of dexterity

@: about to teleport, heroic, finesse-ful, flying
A: sickness immunity, AC +10, big wings, negative energy resistance 1,
electricity resistance, torment resistance 1, petrification resistance, large
bone plates 1
a: Renounce Religion, Heroism, Finesse, Duel


You were on level 5 of the Lair of Beasts.
You worshipped Okawaru.
Okawaru was extremely pleased with you.
You visited 3 branches of the dungeon, and saw 17 of its levels.
You also visited: Ossuary.

You collected 1423 gold pieces.
You spent 236 gold pieces at shops.


Innate Abilities, Weirdness & Mutations

You are immune to sickness and miasma.
Your stone body is resilient. (AC +10)
You are immune to poison.
Your large and strong wings let you fly.
You resist negative energy. (rN+)
You are resistant to electric shocks. (rElec)
You are resistant to unholy torment.
You are immune to petrification.
You are partially covered in large bone plates. (SH +4)


   Skills:
 + Level 10.9(15.9) Fighting
 - Level 14.0(19.0) Axes
 - Level 3.6(8.6) Throwing
 - Level 10.0(15.0) Armour
 - Level 3.0(8.0) Dodging
 - Level 11.4(16.4) Shields
 - Level 10.0 Invocations


You had 13 spell levels left.
You didn't know any spells.
Your spell library was empty.

Inventory:

Hand Weapons
 r - the +4 broad axe of the Hills {speed, rC+ Stlth+}
   (Okawaru gifted it to you on level 3 of the Lair of Beasts)

   Attacks with this weapon are significantly faster.
   rC:        It protects you from cold.
   Stlth:     It makes you more stealthy.
 w - a +0 morningstar (weapon)
Armour
 b - a +1 helmet (worn)
 c - the +1 chain mail "Yrefeyrch" {rF+ Int+3}
   (Okawaru gifted it to you on level 2 of the Lair of Beasts)

   Int:       It affects your intelligence (+3).
   rF:        It protects you from fire.
 f - the +3 hat of Pondering {ponderous, Will+ MP+10 Int+5}
   (You took it off Gastronok on level 3 of the Lair of Beasts)

   Int:       It affects your intelligence (+5).
   MP:        It affects your magic capacity (+10).
   Will:      It increases your willpower.
 i - a +0 plate armour (worn)
 k - a +0 kite shield (worn)
 m - +0 acid dragon scales
 p - a +2 pair of gloves (worn)
 q - a +1 cloak of stealth (worn)
 z - a +0 pair of boots (worn)
Jewellery
 e - a +6 ring of dexterity (right hand)
 v - a ring of fire
 x - the ring "Nirch" {Fire rN+ Will+}
   (You found it on level 5 of the Lair of Beasts)

   [ring of fire]

   It enhances your fire magic.
   rF:        It protects you from fire.
   rC:        It makes you vulnerable to cold.
   rN:        It protects you from negative energy.
   Will:      It increases your willpower.
 y - a ring of protection from cold
 D - a +4 ring of protection (left hand)
 Y - a ring of protection from cold
Scrolls
 j - 13 scrolls of identify
 n - 4 scrolls of teleportation
Potions
 a - 2 potions of lignification
 d - 3 potions of might
 g - 3 potions of curing
 h - 2 potions of cancellation
 o - 2 potions of resistance
 s - 4 potions of mutation
 t - a potion of attraction
 u - 4 potions of haste
 A - 6 potions of heal wounds

Dungeon Overview and Level Annotations

Branches:
Dungeon (11/15)            Temple (1/1) D:7            Lair (5/5) D:11
  Swamp (0/4) Lair:2        Snake (0/4) Lair:3          Orc (0/2) D:11
Ossuary (visited)
  Slime: Lair:4-5

Altars:
Ashenzari
Cheibriados
Dithmenos
Elyvilon
Fedhas
Gozag
Hepliaklqana
Kikubaaqudgha
Makhleb
Nemelex Xobeh
Okawaru
Qazlal
Ru
Sif Muna
Trog
Uskayaw
Vehumet
Wu Jian
Xom
Yredelemnul
Zin
The Shining One
Jiyva

Shops:
D:3 :   D:4 *   D:11 ::*(

Annotations:
D:9 3 runed translucent doors, qw's ghost, novice GrFi


Message History

The komodo dragon bites you but does no damage.
You hit the hornet but do no damage.
The hornet is severely wounded.
You block the hornet's attack.
The eight-headed hydra barely misses you.
You block the eight-headed hydra's attack.
The eight-headed hydra completely misses you.
The eight-headed hydra bites you but does no damage.
The eight-headed hydra closely misses you.
You block the eight-headed hydra's attack.
The eight-headed hydra bites you but does no damage. x2
The wolf bites you but does no damage.
You closely miss the hornet.
The hornet is severely wounded.
You block the elephant's attack. The elephant completely misses you.
An elephant comes into view.
The komodo dragon bites you but does no damage.
The blink frog blinks!
You block the wolf's attack.
You puncture the hornet!
You kill the hornet!
Okawaru accepts your kill. The eight-headed hydra misses you.
You block the eight-headed hydra's attack. x2
The eight-headed hydra bites you!
The eight-headed hydra barely misses you.
You block the eight-headed hydra's attack.
The eight-headed hydra bites you!
The eight-headed hydra bites you but does no damage.
16243 ||| READING 5 scrolls of teleportation.
As you read the scroll of teleportation, it crumbles to dust.
You feel strangely unstable. You block the wolf's attack.
The elephant tramples you.
You hold your ground!
The elephant trunk-slaps you but does no damage.
You block the komodo dragon's attack. The wolf bites you.
The eight-headed hydra bites you!
The eight-headed hydra bites you but does no damage.
The eight-headed hydra barely misses you.
The eight-headed hydra bites you but does no damage.
The eight-headed hydra bites you!
You die...

#...........7 77.77
77.... #.........77
7..7777.....
#....Y....7
77..77......
##..%FY....7
77%7....77.
.##.....ยค...##77
7..7...77.
......)(.%.%J...7
7......77.
...........YF...77
77..7..777
...........YFhl..7
77.777777
..........FYD@7..7
7.7 7)
...........hY777.77
..7 77%
............77 77.7
..77 7..
............7
7.777..7 7..
...........7
7.....7 77..
.##....#77 77..777
77..7 #...# 77.77
7...7 ###. 7..7
7.... 77..77777
7....


You could see an eight-headed hydra, 6 elephants, a komodo dragon, 4 blink
frogs, 2 wolves and a jelly.

Vanquished Creatures
  Kirke (Lair:3)
  Gastronok (Lair:3)
  A hydra (Lair:3)
  A catoblepas (Lair:5)
  Erica (D:8)
  Pikel (D:9)
  A manticore (D:11)
  Maurice (D:11)
  A cyclops (D:9)
  4 black mambas
  An unseen horror (D:11)
  16 elephants
  A torpor snail (Lair:5)
  10 cane toads
  A rime drake (Lair:5)
  Psyche (D:8)
  13 komodo dragons
  4 polar bears
  A troll (D:11)
  7 hornets
  A slime creature (Lair:5)
  9 blink frogs
  Prince Ribbit (D:8)
  A dream sheep (Lair:5)
  2 shadows
  5 wyverns
  A water elemental (D:11)
  12 spriggans (Lair:5)
  A vampire (D:11)
  A wraith (D:11)
  31 yaks
  4 humans (Lair:3)
  A steam dragon (D:8)
  5 nagas (Lair:3)
  3 acid dragons
  13 water moccasins
  2 orc warriors (D:9)
  5 black bears
  An ice beast (D:6)
  4 boggarts (Lair:5)
  44 wolves
  2 ogres
  A phantom (D:5)
  2 kobold brigands (D:8)
  3 lemures (D:9)
  An elf zombie (Ossuary)
  10 bullfrogs
  3 scorpions (D:5)
  A necrophage (D:5)
  2 gnoll sergeants
  14 wights
  11 killer bees
  6 electric eels
  A howler monkey (D:6)
  6 orc priests
  8 hounds
  3 gnoll boudas
  2 jellies (Lair:5)
  Jessica (D:3)
  3 iguanas (D:6)
  9 orc wizards
  3 hound zombies (Ossuary)
  4 mummies (Ossuary)
  22 gnolls
  2 adders
  A white imp (D:5)
  An adder zombie (Ossuary)
  A worm (D:4)
  A dart slug (D:1)
  30 orcs
  9 ball pythons
  9 endoplasms
  6 giant cockroaches
  2 gnoll zombies (Ossuary)
  3 goblins
  7 hobgoblins
  10 jackals
  5 quokkas
  6 bats
  2 frilled lizards
  A goblin zombie (Ossuary)
  2 hobgoblin zombies (Ossuary)
  A jackal zombie (Ossuary)
  13 kobolds
  An orc zombie (Ossuary)
  6 rats
452 creatures vanquished.

Vanquished Creatures (others)
  2 gnolls (D:6)
  25 fungi
  47 plants
74 creatures vanquished.

Grand Total: 526 creatures vanquished

Notes
Turn   | Place    | Note
-------+----------+-------------------------------------------
     0 | D:1      | qw the Gargoyle Fighter began the quest for the Orb.
     0 | D:1      | Reached XP level 1. HP: 14/14 MP: 1/1
     0 | D:1      | 0 ||| qw: Version: 0.2-a-17-g06abaee
     0 | D:1      | 0 ||| qw: Game counter: 2157
     0 | D:1      | 0 ||| qw: Always use a shield: true
     0 | D:1      | 0 ||| qw: God list: Okawaru
     0 | D:1      | 0 ||| qw: Allow faded altars: false
     0 | D:1      | 0 ||| qw: Do Orc after D:15 true
     0 | D:1      | 0 ||| qw: Do second Lair branch before Depths: true
     0 | D:1      | 0 ||| qw: Lair rune preference: random
     0 | D:1      | 0 ||| qw: Plans: Normal, Zot:1-4, God:TSO, Crypt, Tomb,
                  | Pan, Slime:5, Hells, Abyss, Orb
     0 | D:1      | 0 ||| PLANNING D:1-11
    74 | D:1      | Reached skill level 2 in Axes
   133 | D:1      | Reached XP level 2. HP: 19/19 MP: 2/2
   136 | D:1      | 136 ||| Stepping ~*~*~tactically~*~*~ (stealth).
   137 | D:1      | 137 ||| Stepping ~*~*~tactically~*~*~ (stealth).
   171 | D:1      | 171 ||| Stepping ~*~*~tactically~*~*~ (stealth).
   290 | D:1      | Reached skill level 3 in Axes
   387 | D:1      | Reached XP level 3. HP: 19/23 MP: 3/3
   455 | D:1      | Found a faded altar of an unknown god.
   545 | D:1      | 545 ||| DROPPING +0 club.
   710 | D:1      | 710 ||| READING 3 scrolls labelled QANOUPA SETTY.
   711 | D:1      | 711 ||| READING 2 scrolls labelled SILONO ULEE.
   712 | D:1      | 712 ||| READING scroll labelled ISKACV AXKI.
   713 | D:1      | 713 ||| READING 2 scrolls labelled VUZUNKOSAPP.
   714 | D:1      | 714 ||| DROPPING 2 scrolls of vulnerability.
   715 | D:1      | 715 ||| DROPPING scroll of blinking.
   753 | D:2      | Found a glowing golden altar of the Shining One.
   895 | D:2      | 895 ||| Stepping ~*~*~tactically~*~*~ (stealth).
   982 | D:2      | 982 ||| Stepping ~*~*~tactically~*~*~ (stealth).
  1482 | D:2      | Reached skill level 1 in Throwing
  1482 | D:2      | Reached XP level 4. HP: 28/28 MP: 4/4
  1509 | D:2      | Found Zutzi's Antique Weapon Shoppe.
  1539 | D:2      | 1539 ||| DROPPING orb of light.
  1540 | D:2      | 1540 ||| UPGRADING to ring of willpower.
  1541 | D:2      | 1541 ||| UPGRADING to ring of protection from cold.
  1542 | D:2      | 1542 ||| DRINKING 2 sapphire potions.
  1542 | D:2      | Gained mutation: Your body sometimes deteriorates upon
                  | taking damage. [potion of mutation]
  1542 | D:2      | Gained mutation: You are covered in fur. (AC +1) [potion of
                  | mutation]
  1542 | D:2      | Gained mutation: You are occasionally teleported next to
                  | monsters. [potion of mutation]
  1543 | D:2      | 1543 ||| DRINKING potion of mutation.
  1543 | D:2      | Lost mutation: You are occasionally teleported next to
                  | monsters. [potion of mutation]
  1543 | D:2      | Lost mutation: Your body sometimes deteriorates upon taking
                  | damage. [potion of mutation]
  1543 | D:2      | Lost mutation: You are covered in fur. (AC +1) [potion of
                  | mutation]
  1543 | D:2      | Gained mutation: You are partially covered in large bone
                  | plates. (SH +4) [potion of mutation]
  1544 | D:2      | 1544 ||| DRINKING 2 amethyst potions.
  1545 | D:2      | 1545 ||| READING 4 scrolls of identify.
  1545 | D:2      | 1545 ||| IDENTIFYING gluggy blue potion
  1546 | D:2      | 1546 ||| READING 3 scrolls of identify.
  1546 | D:2      | 1546 ||| IDENTIFYING silvery potion
  1547 | D:2      | 1547 ||| READING 2 scrolls of identify.
  1547 | D:2      | 1547 ||| IDENTIFYING dark potion
  1548 | D:2      | 1548 ||| DROPPING potion of brilliance.
  1549 | D:2      | 1549 ||| DROPPING potion of degeneration.
  1731 | D:3      | Found Jets's Vocational Training.
  1759 | D:3      | Found a glowing golden altar of the Shining One.
  1821 | D:3      | Found a white marble altar of Elyvilon.
  1826 | D:3      | Found an ancient bone altar of Kikubaaqudgha.
  1835 | D:3      | Found a broken altar of Ashenzari.
  1835 | D:3      | Found a sparkling altar of Nemelex Xobeh.
  1841 | D:3      | Found a shimmering altar of Xom.
  1951 | D:3      | Noticed Jessica
  1954 | D:3      | Killed Jessica
  1955 | D:3      | Reached skill level 4 in Axes
  2172 | D:3      | 2172 ||| UPGRADING to +0 chain mail.
  2182 | D:3      | 2182 ||| DROPPING +0 scale mail.
  2183 | D:3      | 2183 ||| UPGRADING to +6 ring of dexterity.
  2185 | D:3      | 2185 ||| READING 2 scrolls labelled FEINOR FANTAU.
  2186 | D:3      | 2186 ||| READING scroll labelled KAADAG ROSTRI.
  2191 | D:3      | 2191 ||| READING scroll labelled AXTEST FAESHRARGHAOLL.
  2192 | D:3      | 2192 ||| READING 4 scrolls of identify.
  2192 | D:3      | 2192 ||| IDENTIFYING bubbling grey potion
  2193 | D:3      | 2193 ||| READING 3 scrolls of identify.
  2193 | D:3      | 2193 ||| IDENTIFYING purple potion
  2194 | D:3      | 2194 ||| READING 2 scrolls of identify.
  2194 | D:3      | 2194 ||| IDENTIFYING white potion
  2195 | D:3      | 2195 ||| DROPPING scroll of fog.
  2196 | D:3      | 2196 ||| DROPPING potion of berserk rage.
  2244 | D:4      | 2244 ||| Stepping ~*~*~tactically~*~*~ (stealth).
  2308 | D:4      | Reached XP level 5. HP: 32/32 MP: 5/5
  2482 | D:4      | Reached skill level 1 in Dodging
  2685 | D:4      | 2685 ||| DROPPING +0 whip.
  2752 | D:4      | Reached skill level 5 in Axes
  2763 | D:4      | Found Kuixt's Fire Supplies.
  2773 | D:4      | 2773 ||| BUYING +0 scale mail of fire resistance (143
                  | gold).
  2773 | D:4      | Bought a +0 scale mail of fire resistance for 143 gold
                  | pieces
  2773 | D:4      | 2773 ||| SHOPLISTING +1 chain mail of fire resistance (214
                  | gold, have 42).
  2773 | D:4      | 2773 ||| SHOPLISTING ring of protection from fire (325
                  | gold, have 42).
  2843 | D:4      | Reached XP level 6. HP: 27/38 MP: 6/6
  2856 | D:4      | 2856 ||| DRINKING potion of curing.
  2856 | D:4      | 2856 ||| (to cure confusion)
  3084 | D:4      | 3084 ||| UPGRADING to +0 pair of gloves.
  3089 | D:4      | 3089 ||| UPGRADING to +2 pair of gloves.
  3099 | D:4      | 3099 ||| DROPPING +0 pair of gloves.
  3100 | D:4      | 3100 ||| UPGRADING to +0 pair of boots.
  3105 | D:4      | 3105 ||| READING scroll labelled MOFOKKA FIZIMN.
  3106 | D:4      | 3106 ||| READING scroll labelled NUUT CIMYBE.
  3107 | D:4      | 3107 ||| READING scroll labelled HIOHEY YCEOWK.
  3135 | D:5      | Entered Level 5 of the Dungeon
  3154 | D:5      | HP: 6/38 [ogre/+0 giant club (12)]
  3155 | D:5      | 3155 ||| READING scroll of teleportation.
  3156 | D:5      | 3156 ||| DRINKING potion of heal wounds.
  3178 | D:5      | 3178 ||| Stepping ~*~*~tactically~*~*~ (stealth).
  3194 | D:5      | Noticed a water moccasin
  3206 | D:5      | Reached skill level 6 in Axes
  3206 | D:5      | Reached XP level 7. HP: 24/43 MP: 7/7
  3337 | D:5      | Reached skill level 7 in Axes
  3475 | D:5      | Reached XP level 8. HP: 49/49 MP: 8/8
  3715 | D:5      | 3715 ||| UPGRADING to +0 helmet.
  3720 | D:5      | 3720 ||| DRINKING 3 cyan potions.
  3821 | D:5      | 3821 ||| READING 3 scrolls of identify.
  3821 | D:5      | 3821 ||| IDENTIFYING metallic coppery potion
  3822 | D:5      | 3822 ||| READING 2 scrolls of identify.
  3822 | D:5      | 3822 ||| IDENTIFYING yellow potion
  3823 | D:5      | 3823 ||| DROPPING potion of flight.
  3824 | D:5      | 3824 ||| DROPPING 2 potions of ambrosia.
  3852 | D:6      | 3852 ||| Stepping ~*~*~tactically~*~*~ (stealth).
  3853 | D:6      | 3853 ||| Stepping ~*~*~tactically~*~*~ (stealth).
  4032 | D:6      | Found a hide-covered altar of Uskayaw.
  4094 | D:6      | Reached skill level 8 in Axes
  4233 | D:6      | 4233 ||| DRINKING 2 potions of curing.
  4233 | D:6      | 4233 ||| (to cure confusion)
  4234 | D:6      | 4234 ||| DRINKING potion of curing.
  4234 | D:6      | 4234 ||| (to cure confusion)
  4407 | D:6      | Reached skill level 6 in Fighting
  4526 | D:6      | 4526 ||| FLEEEEING.
  4529 | D:6      | 4529 ||| FLEEEEING.
  4530 | D:6      | 4530 ||| FLEEEEING.
  4826 | D:6      | Reached XP level 9. HP: 55/55 MP: 9/9
  4887 | D:6      | Found a basalt altar of Yredelemnul.
  5439 | D:6      | 5439 ||| READING 3 scrolls of identify.
  5439 | D:6      | 5439 ||| IDENTIFYING metallic dark potion
  5477 | D:7      | 5477 ||| PLANNING OSSUARY
  5549 | D:7      | 5549 ||| Stepping ~*~*~tactically~*~*~ (stealth).
  5550 | D:7      | 5550 ||| Stepping ~*~*~tactically~*~*~ (stealth).
  5553 | D:7      | 5553 ||| Stepping ~*~*~tactically~*~*~ (hiding).
  5556 | D:7      | 5556 ||| Stepping ~*~*~tactically~*~*~ (hiding).
  5620 | D:7      | 5620 ||| Stepping ~*~*~tactically~*~*~ (hiding).
  5665 | D:7      | 5665 ||| DROPPING +0 flail.
  5729 | D:7      | Found a staircase to the Ecumenical Temple.
  5751 | D:7      | Found a sand-covered staircase.
  5752 | D:7      | 5752 ||| READING scroll labelled OGOLUON BOAKK.
  5753 | D:7      | 5753 ||| READING 2 scrolls of identify.
  5753 | D:7      | 5753 ||| IDENTIFYING coppery potion
  5754 | D:7      | 5754 ||| DROPPING potion of invisibility.
  5760 | Ossuary  | Entered an ossuary
  5780 | Ossuary  | Reached skill level 9 in Axes
  5977 | Ossuary  | 5977 ||| READING scroll labelled QERIOPIELEF.
  6014 | Ossuary  | 6014 ||| DRINKING 2 inky potions.
  6025 | D:7      | 6025 ||| PLANNING TEMPLE
  6034 | Temple   | Entered the Ecumenical Temple
  6100 | Temple   | 6100 ||| PLANNING OKAWARU WORSHIP
  6281 | Temple   | Became a worshipper of Warmaster Okawaru
  6282 | Temple   | 6282 ||| PLANNING D:1-11
  6602 | D:8      | Noticed Prince Ribbit
  6626 | D:8      | Killed Prince Ribbit
  6629 | D:8      | 6629 ||| Stepping ~*~*~tactically~*~*~ (stealth).
  6655 | D:8      | 6655 ||| Stepping ~*~*~tactically~*~*~ (stealth).
  6657 | D:8      | 6657 ||| Stepping ~*~*~tactically~*~*~ (stealth).
  6693 | D:8      | 6693 ||| Stepping ~*~*~tactically~*~*~ (stealth).
  6696 | D:8      | 6696 ||| Stepping ~*~*~tactically~*~*~ (hiding).
  6697 | D:8      | 6697 ||| Stepping ~*~*~tactically~*~*~ (hiding).
  6800 | D:8      | Reached * piety under Okawaru
  6825 | D:8      | Noticed Erica
  6826 | D:8      | 6826 ||| Stepping ~*~*~tactically~*~*~ (hiding).
  6827 | D:8      | 6827 ||| Stepping ~*~*~tactically~*~*~ (hiding).
  6830 | D:8      | 6830 ||| INVOKING Heroism.
  6831 | D:8      | 6831 ||| INVOKING Heroism.
  6837 | D:8      | 6837 ||| DRINKING potion of curing.
  6837 | D:8      | 6837 ||| (to cure confusion)
  6843 | D:8      | Killed Erica
  6859 | D:8      | Noticed Psyche
  6860 | D:8      | 6860 ||| Stepping ~*~*~tactically~*~*~ (stealth).
  6874 | D:8      | Reached skill level 1 in Invocations
  6874 | D:8      | Reached XP level 10. HP: 65/65 MP: 10/10
  6881 | D:8      | 6881 ||| Stepping ~*~*~tactically~*~*~ (stealth).
  6963 | D:8      | Identified the +10 arbalest "Qaseesew" {vorpal, rPois rF+
                  | Will+}
  7041 | D:8      | 7041 ||| Stepping ~*~*~tactically~*~*~ (hiding).
  7043 | D:8      | 7043 ||| INVOKING Heroism.
  7179 | D:8      | 7179 ||| Stepping ~*~*~tactically~*~*~ (hiding).
  7181 | D:8      | 7181 ||| Stepping ~*~*~tactically~*~*~ (hiding).
  7182 | D:8      | 7182 ||| INVOKING Heroism.
  7188 | D:8      | Killed Psyche
  7189 | D:8      | Reached skill level 3 in Invocations
  7427 | D:8      | 7427 ||| Stepping randomly (stuck).
  7626 | D:8      | 7626 ||| UPGRADING to +0 cloak.
  7717 | D:9      | 7717 ||| Stepping ~*~*~tactically~*~*~ (stealth).
  7718 | D:9      | Noticed Pikel
  7720 | D:9      | 7720 ||| Stepping ~*~*~tactically~*~*~ (stealth).
  7734 | D:9      | 7734 ||| INVOKING Heroism.
  7738 | D:9      | 7738 ||| Stepping ~*~*~tactically~*~*~ (stealth).
  7746 | D:9      | Killed Pikel
  7912 | D:9      | 7912 ||| INVOKING Heroism.
  7927 | D:9      | Reached skill level 6 in Armour
  7927 | D:9      | Reached ** piety under Okawaru
  7985 | D:9      | 7985 ||| FLEEEEING.
  7986 | D:9      | 7986 ||| FLEEEEING.
  7987 | D:9      | 7987 ||| FLEEEEING.
  7988 | D:9      | 7988 ||| FLEEEEING.
  7989 | D:9      | 7989 ||| FLEEEEING.
  7991 | D:9      | 7991 ||| FLEEEEING.
  7992 | D:9      | 7992 ||| FLEEEEING.
  7993 | D:9      | 7993 ||| FLEEEEING.
  7994 | D:9      | 7994 ||| FLEEEEING.
  7995 | D:9      | 7995 ||| FLEEEEING.
  7996 | D:9      | 7996 ||| FLEEEEING.
  7997 | D:9      | 7997 ||| FLEEEEING.
  7998 | D:9      | 7998 ||| FLEEEEING.
  7999 | D:9      | 7999 ||| FLEEEEING.
  8000 | D:9      | 8000 ||| FLEEEEING.
  8001 | D:9      | 8001 ||| FLEEEEING.
  8002 | D:9      | 8002 ||| FLEEEEING.
  8003 | D:9      | 8003 ||| FLEEEEING.
  8004 | D:9      | 8004 ||| FLEEEEING.
  8005 | D:9      | 8005 ||| FLEEEEING.
  8006 | D:9      | 8006 ||| FLEEEEING.
  8007 | D:9      | 8007 ||| FLEEEEING.
  8008 | D:9      | 8008 ||| FLEEEEING.
  8009 | D:9      | 8009 ||| FLEEEEING.
  8010 | D:9      | 8010 ||| FLEEEEING.
  8011 | D:9      | 8011 ||| FLEEEEING.
  8012 | D:9      | 8012 ||| FLEEEEING.
  8013 | D:9      | 8013 ||| FLEEEEING.
  8014 | D:9      | 8014 ||| FLEEEEING.
  8015 | D:9      | 8015 ||| FLEEEEING.
  8016 | D:9      | 8016 ||| FLEEEEING.
  8017 | D:9      | 8017 ||| FLEEEEING.
  8018 | D:9      | 8018 ||| FLEEEEING.
  8019 | D:9      | 8019 ||| FLEEEEING.
  8020 | D:9      | 8020 ||| STAIRDANCE
  8106 | D:8      | 8106 ||| DROPPING amulet of guardian spirit.
  8109 | D:9      | 8109 ||| STAIRDANCE
  8192 | D:9      | 8192 ||| Stepping ~*~*~tactically~*~*~ (hiding).
  8197 | D:9      | 8197 ||| Stepping ~*~*~tactically~*~*~ (hiding).
  8275 | D:9      | Noticed a cyclops
  8276 | D:9      | 8276 ||| INVOKING Heroism.
  8283 | D:9      | Killed a cyclops
  8284 | D:9      | Reached skill level 10 in Axes
  8343 | D:9      | 8343 ||| INVOKING Heroism.
  8373 | D:9      | Reached *** piety under Okawaru
  8382 | D:9      | 8382 ||| FLEEEEING.
  8442 | D:9      | 8442 ||| INVOKING Heroism.
  8452 | D:9      | Reached skill level 11 in Axes
  8464 | D:9      | HP: 15/65 [orc warrior/+0 hand axe (3)]
  8465 | D:9      | 8465 ||| READING 3 scrolls of teleportation.
  8466 | D:9      | 8466 ||| DRINKING potion of heal wounds.
  8467 | D:9      | 8467 ||| INVOKING Heroism.
  8569 | D:9      | 8569 ||| Invisible monster not found???
  8706 | D:9      | 8706 ||| INVOKING Heroism.
  8723 | D:9      | Reached XP level 11. HP: 22/69 MP: 12/14
  8950 | D:9      | Found a runed translucent gate.
  8950 | D:9      | Found a runed translucent gate.
  8950 | D:9      | Found a runed translucent gate.
  8953 | D:9      | Noticed qw's ghost (novice GrFi)
  8964 | D:9      | Found a viscous altar of Jiyva.
  9157 | D:9      | 9157 ||| UPGRADING to +0 plate armour.
  9167 | D:9      | 9167 ||| DROPPING +0 chain mail.
  9168 | D:9      | 9168 ||| DROPPING +0 scale mail of fire resistance.
  9169 | D:9      | 9169 ||| DROPPING orb of wrath.
  9184 | D:10     | Entered Level 10 of the Dungeon
  9193 | D:10     | 9193 ||| Stepping ~*~*~tactically~*~*~ (stealth).
  9195 | D:10     | 9195 ||| Stepping ~*~*~tactically~*~*~ (stealth).
  9197 | D:10     | 9197 ||| Stepping ~*~*~tactically~*~*~ (hiding).
  9198 | D:10     | 9198 ||| Stepping ~*~*~tactically~*~*~ (stealth).
  9199 | D:10     | 9199 ||| Stepping ~*~*~tactically~*~*~ (stealth).
  9224 | D:10     | Found a bloodstained altar of Trog.
  9464 | D:10     | 9464 ||| INVOKING Heroism.
  9561 | D:10     | Reached skill level 3 in Throwing
  9578 | D:10     | 9578 ||| READING scroll of enchant armour.
  9578 | D:10     | 9578 ||| ENCHANTING +0 helmet.
  9878 | D:11     | Found Wewnuib's Assorted Antiques.
  9886 | D:11     | 9886 ||| BUYING potion of curing (93 gold).
  9886 | D:11     | Bought a potion of curing for 93 gold pieces
  9911 | D:11     | 9911 ||| Stepping ~*~*~tactically~*~*~ (hiding).
  9912 | D:11     | 9912 ||| Stepping ~*~*~tactically~*~*~ (hiding).
  9917 | D:11     | 9917 ||| INVOKING Heroism.
  9955 | D:11     | 9955 ||| Stepping ~*~*~tactically~*~*~ (stealth).
  9957 | D:11     | 9957 ||| Stepping ~*~*~tactically~*~*~ (stealth).
  9963 | D:11     | 9963 ||| INVOKING Heroism.
  9978 | D:11     | 9978 ||| INVOKING Heroism.
 10008 | D:11     | Reached skill level 9 in Fighting
 10013 | D:11     | 10013 ||| Stepping ~*~*~tactically~*~*~ (stealth).
 10014 | D:11     | 10014 ||| Stepping ~*~*~tactically~*~*~ (stealth).
 10059 | D:11     | 10059 ||| Stepping ~*~*~tactically~*~*~ (stealth).
 10070 | D:11     | Reached **** piety under Okawaru
 10093 | D:11     | Found a staircase to the Lair.
 10114 | D:11     | 10114 ||| INVOKING Heroism.
 10127 | D:11     | 10127 ||| INVOKING Heroism.
 10163 | D:11     | 10163 ||| FLEEEEING.
 10164 | D:11     | 10164 ||| FLEEEEING.
 10165 | D:11     | 10165 ||| FLEEEEING.
 10166 | D:11     | 10166 ||| FLEEEEING.
 10167 | D:11     | 10167 ||| FLEEEEING.
 10168 | D:11     | 10168 ||| FLEEEEING.
 10220 | D:11     | 10220 ||| INVOKING Heroism.
 10223 | D:11     | Found Zedomm's Book Boutique.
 10281 | D:11     | 10281 ||| INVOKING Heroism.
 10522 | D:11     | 10522 ||| SWAPPING to +0 vampiric hand axe.
 10527 | D:11     | Found a staircase to the Orcish Mines.
 10550 | D:11     | Found Odwi's Weapon Emporium.
 10676 | D:11     | Noticed a manticore
 10677 | D:11     | 10677 ||| INVOKING Heroism.
 10684 | D:11     | Killed a manticore
 10684 | D:11     | Received a gift from Okawaru
 10685 | D:11     | Reached skill level 9 in Armour
 10685 | D:11     | Reached skill level 6 in Invocations
 10818 | D:11     | Found Fuor's Book Boutique.
 10861 | D:11     | Noticed Maurice
 10950 | D:11     | Killed Maurice
 10993 | D:11     | 10993 ||| PLANNING LAIR
 10993 | D:11     | 10993 ||| UPGRADING to +0 kite shield.
 11003 | D:11     | 11003 ||| DROPPING +0 buckler.
 11004 | D:11     | 11004 ||| UPGRADING to +1 cloak of stealth.
 11014 | D:11     | 11014 ||| DROPPING +0 cloak.
 11015 | D:11     | 11015 ||| DROPPING ring of willpower.
 11016 | D:11     | 11016 ||| UPGRADING to +4 ring of protection.
 11045 | Lair:1   | Entered Level 1 of the Lair of Beasts
 11053 | Lair:1   | 11053 ||| Stepping ~*~*~tactically~*~*~ (stealth).
 11079 | Lair:1   | 11079 ||| INVOKING Heroism.
 11113 | Lair:1   | 11113 ||| INVOKING Heroism.
 11220 | Lair:1   | 11220 ||| INVOKING Heroism.
 11249 | Lair:1   | Reached ***** piety under Okawaru
 11267 | Lair:1   | 11267 ||| INVOKING Heroism.
 11277 | Lair:1   | Reached skill level 6 in Shields
 11345 | Lair:1   | 11345 ||| INVOKING Heroism.
 11398 | Lair:1   | 11398 ||| INVOKING Heroism.
 11413 | Lair:1   | Received a gift from Okawaru
 11477 | Lair:1   | 11477 ||| INVOKING Heroism.
 11480 | Lair:1   | Reached XP level 12. HP: 76/76 MP: 14/17
 11690 | Lair:1   | 11690 ||| INVOKING Heroism.
 11923 | Lair:1   | Identified the +1 robe of Makhleb's Anger {Dex+4 SInv}
 12268 | Lair:2   | 12268 ||| INVOKING Heroism.
 12286 | Lair:2   | 12286 ||| STAIRDANCE
 12301 | Lair:2   | 12301 ||| STAIRDANCE
 12319 | Lair:1   | 12319 ||| INVOKING Heroism.
 12324 | Lair:1   | Reached skill level 9 in Invocations
 12342 | Lair:2   | 12342 ||| STAIRDANCE
 12344 | Lair:1   | 12344 ||| INVOKING Heroism.
 12384 | Lair:2   | 12384 ||| INVOKING Heroism.
 12432 | Lair:2   | Identified the +1 chain mail "Yrefeyrch" {rF+ Int+3}
                  | (Okawaru gifted it to you on level 2 of the Lair of Beasts)
 12432 | Lair:2   | Received a gift from Okawaru
 12468 | Lair:2   | 12468 ||| SWAPPING to +2 war axe of freezing.
 12469 | Lair:2   | 12469 ||| DROPPING +0 war axe.
 12470 | Lair:2   | 12470 ||| DROPPING +0 vampiric hand axe.
 12487 | Lair:2   | Reached skill level 9 in Shields
 12547 | Lair:2   | 12547 ||| INVOKING Heroism.
 12608 | Lair:2   | 12608 ||| INVOKING Heroism.
 12621 | Lair:2   | Found a staircase to the Swamp.
 12635 | Lair:2   | 12635 ||| Stepping ~*~*~tactically~*~*~ (stealth).
 12687 | Lair:2   | 12687 ||| Stepping ~*~*~tactically~*~*~ (stealth).
 12698 | Lair:2   | You fall into a shaft and drop 1 floor!
 12745 | Lair:3   | Noticed a five-headed hydra
 12746 | Lair:3   | 12746 ||| INVOKING Heroism.
 12747 | Lair:3   | 12747 ||| INVOKING Finesse.
 12748 | Lair:3   | 12748 ||| SWAPPING to +0 morningstar.
 12756 | Lair:3   | Killed a five-headed hydra
 12757 | Lair:3   | 12757 ||| SWAPPING to +2 war axe of freezing.
 12898 | Lair:3   | 12898 ||| READING scroll labelled WUOSAD XIRUY.
 12978 | Lair:2   | 12978 ||| Stepping ~*~*~tactically~*~*~ (stealth).
 12980 | Lair:2   | 12980 ||| Stepping ~*~*~tactically~*~*~ (stealth).
 13032 | Lair:2   | 13032 ||| INVOKING Heroism.
 13587 | Lair:2   | 13587 ||| READING scroll labelled MEMECE OSAN.
 13688 | Lair:2   | 13688 ||| READING scroll labelled UNUNEU EXKEE.
 13773 | Lair:3   | Noticed Gastronok
 13774 | Lair:3   | 13774 ||| Stepping ~*~*~tactically~*~*~ (hiding).
 13785 | Lair:3   | 13785 ||| INVOKING Heroism.
 13797 | Lair:3   | Killed Gastronok
 13798 | Lair:3   | Reached skill level 12 in Axes
 13798 | Lair:3   | Reached XP level 13. HP: 51/80 MP: 18/20
 13906 | Lair:3   | 13906 ||| Stepping ~*~*~tactically~*~*~ (stealth).
 13914 | Lair:3   | 13914 ||| Stepping ~*~*~tactically~*~*~ (stealth).
 13917 | Lair:3   | 13917 ||| INVOKING Heroism.
 13951 | Lair:3   | 13951 ||| Stepping ~*~*~tactically~*~*~ (hiding).
 13962 | Lair:3   | 13962 ||| INVOKING Heroism.
 13969 | Lair:3   | 13969 ||| Stepping ~*~*~tactically~*~*~ (hiding).
 13976 | Lair:3   | Found a staircase to the Snake Pit.
 13980 | Lair:3   | Identified the +4 broad axe of the Hills {speed, rC+
                  | Stlth+} (Okawaru gifted it to you on level 3 of the Lair of
                  | Beasts)
 13980 | Lair:3   | Received a gift from Okawaru
 13985 | Lair:3   | 13985 ||| SWAPPING to +4 broad axe of the Hills {speed, rC+
                  | Stlth+}.
 13986 | Lair:3   | 13986 ||| DROPPING +3 war axe of freezing.
 14003 | Lair:3   | Noticed Kirke
 14004 | Lair:3   | 14004 ||| INVOKING Heroism.
 14005 | Lair:3   | 14005 ||| INVOKING Finesse.
 14018 | Lair:3   | Killed Kirke
 14019 | Lair:3   | 14019 ||| Stepping ~*~*~tactically~*~*~ (stealth).
 14571 | Lair:3   | 14571 ||| UPGRADING to +6 ring of dexterity.
 14633 | Lair:4   | 14633 ||| INVOKING Heroism.
 14776 | Lair:4   | 14776 ||| INVOKING Heroism.
 14780 | Lair:4   | Reached skill level 3 in Dodging
 15050 | Lair:4   | 15050 ||| INVOKING Heroism.
 15054 | Lair:4   | 15054 ||| Stepping ~*~*~tactically~*~*~ (stealth).
 15092 | Lair:4   | Reached skill level 13 in Axes
 15161 | Lair:4   | 15161 ||| Stepping ~*~*~tactically~*~*~ (stealth).
 15177 | Lair:4   | 15177 ||| Stepping ~*~*~tactically~*~*~ (stealth).
 15454 | Lair:5   | Entered Level 5 of the Lair of Beasts
 15455 | Lair:5   | 15455 ||| INVOKING Heroism.
 15458 | Lair:5   | 15458 ||| STAIRDANCE
 15471 | Lair:5   | 15471 ||| STAIRDANCE
 15477 | Lair:5   | 15477 ||| INVOKING Finesse.
 15553 | Lair:5   | 15553 ||| Stepping ~*~*~tactically~*~*~ (stealth).
 15583 | Lair:5   | 15583 ||| Stepping ~*~*~tactically~*~*~ (stealth).
 15585 | Lair:5   | 15585 ||| Stepping ~*~*~tactically~*~*~ (stealth).
 15587 | Lair:5   | 15587 ||| Stepping ~*~*~tactically~*~*~ (stealth).
 15593 | Lair:5   | 15593 ||| Stepping ~*~*~tactically~*~*~ (hiding).
 15595 | Lair:5   | 15595 ||| INVOKING Heroism.
 15618 | Lair:5   | 15618 ||| INVOKING Finesse.
 15630 | Lair:5   | 15630 ||| Stepping ~*~*~tactically~*~*~ (hiding).
 15645 | Lair:5   | 15645 ||| Stepping ~*~*~tactically~*~*~ (stealth).
 15723 | Lair:5   | Received a gift from Okawaru
 15774 | Lair:5   | 15774 ||| INVOKING Heroism.
 15792 | Lair:5   | 15792 ||| INVOKING Finesse.
 15818 | Lair:5   | 15818 ||| SWAPPING to +0 morningstar.
 15820 | Lair:5   | 15820 ||| Stepping ~*~*~tactically~*~*~ (outnumbered).
 15821 | Lair:5   | 15821 ||| Stepping ~*~*~tactically~*~*~ (outnumbered).
 15829 | Lair:5   | 15829 ||| SWAPPING to +4 broad axe of the Hills {speed, rC+
                  | Stlth+}.
 15858 | Lair:5   | 15858 ||| Stepping ~*~*~tactically~*~*~ (stealth).
 15882 | Lair:5   | 15882 ||| INVOKING Finesse.
 15883 | Lair:5   | 15883 ||| INVOKING Heroism.
 16007 | Lair:5   | Identified the ring "Nirch" {Fire rN+ Will+}
 16016 | Lair:5   | 16016 ||| Stepping ~*~*~tactically~*~*~ (stealth).
 16035 | Lair:5   | 16035 ||| INVOKING Heroism.
 16047 | Lair:5   | Identified the +8 broad axe of Xexiamm {venom, MP+9}
                  | (Okawaru gifted it to you on level 5 of the Lair of Beasts)
 16047 | Lair:5   | Received a gift from Okawaru
 16088 | Lair:5   | 16088 ||| DROPPING +8 broad axe of Xexiamm {venom, MP+9}.
 16128 | Lair:5   | 16128 ||| INVOKING Heroism.
 16154 | Lair:5   | Gained mutation: Your large and strong wings let you fly.
                  | [Gargoyle growth]
 16154 | Lair:5   | Reached XP level 14. HP: 88/88 MP: 21/21
 16160 | Lair:5   | 16160 ||| INVOKING Heroism.
 16161 | Lair:5   | 16161 ||| INVOKING Finesse.
 16186 | Lair:5   | Reached skill level 14 in Axes
 16202 | Lair:5   | 16202 ||| INVOKING Heroism.
 16222 | Lair:5   | 16222 ||| SWAPPING to +0 morningstar.
 16223 | Lair:5   | 16223 ||| Stepping ~*~*~tactically~*~*~ (outnumbered).
 16224 | Lair:5   | 16224 ||| SWAPPING to +4 broad axe of the Hills {speed, rC+
                  | Stlth+}.
 16225 | Lair:5   | 16225 ||| SWAPPING to +0 morningstar.
 16226 | Lair:5   | 16226 ||| Stepping ~*~*~tactically~*~*~ (outnumbered).
 16227 | Lair:5   | 16227 ||| Stepping ~*~*~tactically~*~*~ (outnumbered).
 16228 | Lair:5   | 16228 ||| Stepping ~*~*~tactically~*~*~ (outnumbered).
 16229 | Lair:5   | 16229 ||| Stepping ~*~*~tactically~*~*~ (outnumbered).
 16242 | Lair:5   | HP: 17/88 [eight-headed hydra (9)]
 16243 | Lair:5   | 16243 ||| READING 5 scrolls of teleportation.
 16243 | Lair:5   | HP: 2/88 [eight-headed hydra (9)]
 16243 | Lair:5   | Slain by an eight-headed hydra

Levels and vault maps discovered:
D:1:      dpeg_arrival_leaves_temple_mockup, layout_basic,
          shapermc_ecumenical_altar_hornbeckon, minmay_heptomino_l4
D:2:      layout_basic, serial_shops, shop_statue, basic_altar,
          amcnicky_mini_corridor_feature, kennysheep_cross_room
D:3:      layout_loops_ring, nicolae_overflow_hallway_of_the_gods,
          lemuel_round_altar, serial_bayou, serial_bayou_pond_d,
          serial_bayou_shore_a, serial_bayou_pond_b, serial_bayou_lagoon_a,
          serial_bayou_pond_e, nicolae_shop_vocational, uniq_jessica
D:4:      layout_cave_pods, chequers_serial_rivers_large_b,
          nicolae_kite_square_tiling_tiny, st_stairs_13, nicolae_shop_fire_sale
          [nicolae_sub_dead_trees], minmay_misc_feat_rugged
D:5:      layout_cave_pools, serial_column_ruins, column_ruins_grid_3,
          column_ruins_grid_3, column_ruins_open_tiny,
          column_ruins_columns_corner, column_ruins_columns_corner
D:6:      layout_layer_cave, mainiacjoe_overflow_catch_the_wave,
          serial_bayou_lagoon_b
D:7:      layout_basic, minmay_temple_entry_purple_smoke,
          nicolae_ossuary_entry_plus, minmay_statues_item,
          hangedman_decor_growths, serial_bayou_pond_e
D:8:      layout_basic, feat_on_display, uniq_psyche, uniq_erica,
          uniq_prince_ribbit1
D:9:      layout_stronghold, gammafunk_ghost_ooze, kennysheep_flooded_box,
          uniq_pikel
D:10:     layout_basic, lemuel_crystal_altar, minmay_misc_feat_five
D:11:     layout_irregular_city, erik_lair_island, orc_0_dummy, serial_shops,
          nicolae_shop_advertising_works [nicolae_subvault_shop_adworks],
          nicolae_shop_bloodbath_and_beyond, kennysheep_mini_moat, shop,
          uniq_maurice
Temple:   oiseaux_autumnal_temple
Lair:1:   layout_cellular_growth, chequers_serial_rivers_small_3,
          lemuel_fruit_fields, grunt_megastairs_5, lemuel_fruit_fields
Lair:2:   layout_chaotic_city, swamp_mist, wad_woods_river_01
Lair:3:   layout_misc_corridors, minmay_snake_entry_guardpost_large,
          infiniplex_staircase_pool, uniq_gastronok, uniq_kirke
Lair:4:   layout_roguey, lookout_lair_type, beast_lair_carwin_5,
          grunt_megastairs_3
Lair:5:   minmay_lair_end_enchanted_forest, layout_big_grid,
          minmay_slime_entry_pillars

Skill      XL: |  1  2  3  4  5  6  7  8  9 10 11 12 13 14 |
---------------+-------------------------------------------+-----
Axes           | 2 3 4 5 6 7 8 9 11 12 13 14 | 14.0
Throwing       | 1 2 3 |  3.6
Dodging        | 1 2 3 |  3.0
Fighting       | 4 5 6 8 9 10 | 10.9
Armour         | 4 5 6 9 10 | 10.0
Shields        | 4 5 6 10 11 | 11.4
Invocations    | 1 4 7 10 | 10.0

Action                   |  1- 3 |  4- 6 |  7- 9 | 10-12 | 13-15 || total
-------------------------+-------+-------+-------+-------+-------++-------
Melee: War axe           |   103 |    95 |   291 |   427 |    32 ||   948
       Hand axe          |       |       |       |   398 |       ||   398
       Morningstar       |       |       |       |     7 |    21 ||    28
       Broad axe         |       |       |       |       |   421 ||   421
Throw: Javelin           |     7 |    36 |    36 |    17 |     8 ||   104
       Boomerang         |       |       |    15 |    68 |    26 ||   109
Invok: Heroism           |       |       |     1 |    35 |    14 ||    50
       Finesse           |       |       |       |     1 |     6 ||     7
  Use: Scroll            |     4 |    13 |     6 |     5 |     1 ||    29
       Potion            |       |     5 |     5 |     1 |       ||    11
 Stab: Petrifying        |       |       |       |       |     1 ||     1
Armor: Scale mail        |    68 |     7 |       |       |       ||    75
       Chain mail        |       |    55 |   206 |    75 |       ||   336
       Plate armour      |       |       |       |   378 |   160 ||   538
Dodge: Dodged            |    48 |    36 |    88 |   196 |    61 ||   429
Block: Buckler           |    28 |    57 |   135 |   178 |       ||   398
       Kite shield       |       |       |       |   310 |   276 ||   586

Table legend:
 A = Non-vault XP
 B = Vault XP
 C = Vault XP percentage of total XP
 D = Non-vault monster count
 E = Vault monster count
 F = Vault count percentage of total count
                 A         B        C        D         E       F
            +---------+---------+-------+---------+---------+-------
      Total |   39337 |   21943 |  35.8 |     324 |     121 |  27.2
            +---------+---------+-------+---------+---------+-------
        D:1 |      35 |       8 |  18.6 |      20 |       4 |  16.7
        D:2 |      48 |       0 |   0.0 |      22 |       0 |   0.0
        D:3 |       8 |      46 |  85.2 |       5 |       6 |  54.5
        D:4 |     295 |       2 |   0.7 |      22 |       1 |   4.3
        D:5 |     773 |       0 |   0.0 |      18 |       0 |   0.0
        D:6 |    1170 |       0 |   0.0 |      26 |       0 |   0.0
        D:7 |     223 |       0 |   0.0 |      13 |       0 |   0.0
        D:8 |    1315 |    1477 |  52.9 |      24 |       3 |  11.1
        D:9 |    3154 |     706 |  18.3 |      36 |       1 |   2.7
       D:10 |     688 |       0 |   0.0 |      11 |       0 |   0.0
       D:11 |    3494 |    1444 |  29.2 |      25 |      10 |  28.6
     Lair:1 |    6666 |    1555 |  18.9 |      23 |       9 |  28.1
     Lair:2 |    5634 |     628 |  10.0 |      23 |       3 |  11.5
     Lair:3 |    4247 |    3742 |  46.8 |      18 |       7 |  28.0
     Lair:4 |    4420 |    3481 |  44.1 |      17 |      12 |  41.4
     Lair:5 |    7167 |    8613 |  54.6 |      21 |      49 |  70.0
    Ossuary |       0 |     241 | 100.0 |       0 |      16 | 100.0
            +---------+---------+-------+---------+---------+-------
